 Dungeon Crawl Stone Soup version 0.30.0-29-ga12c61a403 (webtiles) character file.

Game seed: 15219486387566103420

29945 seaoflcl the Slicer (level 13, 0/102 HPs)
             Began as a Human Fighter on June 5, 2023.
             Was the Champion of Okawaru.
             Slain by a meliai
             ... wielding a +0 war axe
              (5 damage)
             ... on level 13 of the Dungeon.
             The game lasted 01:10:57 (15265 turns).

seaoflcl the Slicer (Human Fighter)                Turns: 15265, Time: 01:10:59

Health: 0/102      AC: 26    Str: 26    XL:     13   Next: 84%
Magic:  13/13      EV: 13    Int: 11    God:    Okawaru [******]
Gold:   1153       SH: 23    Dex: 22    Spells: 12/12 levels left

rFire   + . .        q - +3 rapier "Yronill" {flame, rC- Will+ Dex+8 SInv}
rCold   . . .        v - +5 kite shield "Sierinno" {rC+}
rNeg    . . .        E - +7 chain mail of Kiquc {+Blink rElec rF+ Slay+2}
rPois   +            (no helmet)
rElec   +            N - +2 cloak
rCorr   .            w - +0 pair of gloves
SInv    +            s - +2 pair of boots
Will    +....        I - amulet of reflection Stlth
                     F - ring of the Kangaroo {rElec Str+6 Int+2}
HPRegen 0.37/turn    R - ring of poison resistance
MPRegen 0.13/turn

%: reflection
@: mighty
A: no striking features
a: Renounce Religion, Evoke Blink, Heroism, Finesse, Duel


You were on level 13 of the Dungeon.
You worshipped Okawaru.
Okawaru was exalted by your worship.
You visited 3 branches of the dungeon, and saw 15 of its levels.
You also visited: Ossuary and Ice Cave.

You collected 1253 gold pieces.
You spent 100 gold pieces at shops.

Inventory:

Hand Weapons
 a - a +0 long sword
 c - the +3 hand axe of the Warrior-Mage {vamp, *Slow rCorr Str+6 Stlth+}
   (You found it on level 12 of the Dungeon)

   Str:       It affects your strength (+6).
   rCorr:     It protects you from acid and corrosion.
   *Slow:     It may slow you when you take damage.
   Stlth:     It makes you more stealthy.
 q - the +3 rapier "Yronill" (weapon) {flame, rC- Will+ Dex+8 SInv}
   (You found it on level 2 of the Dungeon)

   Dex:       It affects your dexterity (+8).
   rC:        It makes you vulnerable to cold.
   SInv:      It lets you see invisible.
   Will:      It increases your willpower.
 O - a +4 scimitar
 X - a +4 scimitar of flaming
Missiles
 r - 6 boomerangs
 U - 5 javelins (quivered)
 V - a silver javelin
 W - 2 atropa-tipped darts
Armour
 m - a +0 ring mail of cold resistance
 s - a +2 pair of boots (worn)
 v - the +5 kite shield "Sierinno" (worn) {rC+}
   (Okawaru gifted it to you on level 12 of the Dungeon)

   rC:        It protects you from cold.
 w - a +0 pair of gloves (worn)
 y - a +0 chain mail
 B - the scarf of Joafaen {repulsion, rElec Will+ Str+3 Int-4}
   (Okawaru gifted it to you on level 1 of the Lair of Beasts)

   Str:       It affects your strength (+3).
   Int:       It affects your intelligence (-4).
   rElec:     It insulates you from electricity.
   Will:      It increases your willpower.
 E - the +7 chain mail of Kiquc (worn) {+Blink rElec rF+ Slay+2}
   (You found it on level 5 of the Dungeon)

   Slay:      It affects your accuracy & damage with ranged weapons and melee
   (+2).
   rF:        It protects you from fire.
   rElec:     It insulates you from electricity.
   +Blink:    It lets you blink.
 N - a +2 cloak (worn)
Jewellery
 f - a ring of ice
 i - an amulet of regeneration
 x - a ring of see invisible
 F - the ring of the Kangaroo (left hand) {rElec Str+6 Int+2}
   (You found it on level 5 of the Dungeon)

   [ring of strength]

   Str:       It affects your strength (+6).
   Int:       It affects your intelligence (+2).
   rElec:     It insulates you from electricity.
 I - an amulet of reflection (around neck)
 J - a ring of protection from fire
 K - the ring of the Fool {*Slow rPois rF+ rCorr Str+3}
   (You found it in an ice cave)

   [ring of resist corrosion]

   Str:       It affects your strength (+3).
   rF:        It protects you from fire.
   rPois:     It protects you from poison.
   rCorr:     It protects you from acid and corrosion.
   *Slow:     It may slow you when you take damage.
 P - a +6 ring of dexterity
 R - a ring of poison resistance (right hand)
Wands
 D - a wand of digging (2)
 M - a wand of polymorph (7)
 Q - a wand of iceblast (21)
Scrolls
 b - a scroll of brand weapon {unknown}
 e - 3 scrolls of magic mapping {unknown}
 j - 5 scrolls of fear
 l - 5 scrolls of enchant weapon
 o - 2 scrolls of enchant armour {unknown}
 t - 3 scrolls of fog
 z - 5 scrolls of teleportation
 C - 2 scrolls of blinking {unknown}
 H - 2 scrolls of butterflies {unknown}
 L - 3 scrolls of poison {unknown}
 Y - a scroll of immolation {unknown}
Potions
 d - 2 potions of might
 h - 4 potions of brilliance
 k - 4 potions of curing
 n - a potion of ambrosia {unknown}
 u - a potion of mutation {unknown}
 A - 4 potions of lignification {unknown}
 G - a potion of invisibility {unknown}
 S - a potion of flight {unknown}
 T - 2 potions of magic {unknown}
Miscellaneous
 g - a piece from Xom's chessboard (15/15)
 Z - a lightning rod (4/4)


   Skills:
 + Level 9.7 Fighting
 * Level 12.4(12.5) Short Blades
 - Level 2.3(8.3) Long Blades
 - Level 3.0 Axes
 + Level 6.3 Throwing
 + Level 9.7 Armour
 + Level 7.8 Dodging
 + Level 9.9 Shields


You had 12 spell levels left.
You didn't know any spells.
Your spell library contained the following spells:

 Spells                   Type           Power      Damage    Failure   Level
 Shock                    Conj/Air       0%         1d3       93%         1
 Dazzling Flash           Conj/Hex       0%         N/A       100%        3
 Portal Projectile        Hex/Tloc       0%         N/A       100%        3
 Swiftness                Air            0%         N/A       100%        3
 Vhi's Electric Charge    Tloc/Air       0%         N/A       100%        3
 Volatile Blastmotes      Fire/Tloc      0%         2d10      100%        3
 Airstrike                Air            0%         2d(0-16)  100%        4
 Iskenderun's Mystic Bla  Conj/Tloc      0%         2d3       100%        4
 Arcjolt                  Conj/Air       0%         1d10      100%        5
 Blade Hands              Tmut           0%         N/A       100%        5
 Plasma Beam              Fire/Air       0%         2x1d11    100%        6
 Starburst                Conj/Fire      0%         6d3       100%        6
 Tukima's Dance           Hex            Unusable   N/A       N/A         3

Dungeon Overview and Level Annotations

Branches:
Dungeon (13/15)            Temple (1/1) D:4            Lair (1/5) D:10
    Orc (0/2) D:11         Vaults (0/5) D:13        Ossuary (visited)
  IceCv (visited)

Altars:
Ashenzari
Cheibriados
Dithmenos
Elyvilon
Fedhas
Gozag
Hepliaklqana
Kikubaaqudgha
Makhleb
Nemelex Xobeh
Okawaru
Qazlal
Sif Muna
Trog
Uskayaw
Vehumet
Wu Jian
Xom
Yredelemnul
Zin
The Shining One

Shops:
D:4 !   D:7 :   D:8 *   D:11 [   D:12 *

Annotations:
D:9 2 runed translucent doors
D:11 2 transporters, exclusion: ice statue, turdburglar's ghost, journeyman TrEE


Message History

The meliai mumbles some strange prayers to its god against you.
Something smites you! The meliai closely misses you.
You block the meliai's attack.
You closely miss the meliai.
The meliai is heavily wounded.
The meliai calls upon its god to heal the meliai.
The meliai is healed somewhat.
The meliai calls down the wrath of its god upon you.
Something smites you!
The meliai calls down the wrath of its god upon you.
Something smites you! You block the meliai's attack.
The meliai stings you but does no damage.
You barely miss the meliai. You block the meliai's attack. x2
The meliai calls down the wrath of its god upon you.
Something smites you!
The meliai mumbles some strange prayers to its god against you.
Something smites you!
* * * LOW HITPOINT WARNING * * *
The meliai barely misses you. You block the meliai's attack.
You feel better. The meliai misses you. You block the meliai's attack. x2
The meliai barely misses you. You block the meliai's attack.
The meliai stings you but does no damage.
The meliai mumbles some strange prayers to its god against you.
Something smites you!
* * * LOW HITPOINT WARNING * * *
Okay, then.
You feel very mighty all of a sudden.
The meliai calls upon its god to heal the meliai.
The meliai is healed somewhat.
You block the meliai's attack. x3
The meliai stings you.
* * * LOW HITPOINT WARNING * * *
The meliai hits you but does no damage.
The meliai stings you but does no damage.
You fail to use your ability.
The meliai calls down the wrath of its god upon you.
Something smites you!
* * * LOW HITPOINT WARNING * * *
You block the meliai's attack. x2; The meliai closely misses you.
You block the meliai's attack. The meliai hits you with a +0 war axe.
You die...

#.. #.# #.. ####.#### #..
##.≈~~.♣~.
#####.y######~~..~≈.##
................†..≈~.
#.........~.≈~≈~
#.#####.~~.~~.~.
..#######.#####.~.♣.~~~.
..........@yy.....≈.....≈~~
.....######y#######...~~~~~
#... #.# #≈~♣~♣.≈~≈ #... #.#
##≈~~.♣..~ ###...######.#
#..#..###
.............#######........
....
............................
...#
####.........######.......
#..# #..######.# #.(#####


You could see 3 meliai.

Vanquished Creatures
  A white draconian (IceCv)
  A vault guard (D:13)
  A catoblepas (D:13)
  3 boulder beetles
  2 two-headed ogres
  Erica (D:11)
  A death knight (D:12)
  2 wizards (D:13)
  A necromancer (D:13)
  A deep elf pyromancer (D:12)
  2 manticores
  3 cyclopes
  Maurice (D:8)
  6 elephants
  2 gargoyles
  Psyche (D:8)
  A cane toad (Lair:1)
  A kobold demonologist (D:10)
  A komodo dragon (D:12)
  3 rime drakes (IceCv)
  3 trolls
  A meliai (shapeshifter) (D:13)
  5 blink frogs (Lair:1)
  4 slime creatures (D:12)
  Sigmund (D:2)
  A water elemental (D:12)
  2 wraiths
  4 wyverns
  A shadow (D:12)
  20 humans (D:13)
  13 yaks
  2 basilisks
  5 vampire mosquitoes
  A steam dragon (D:7)
  Menkaure (D:5)
  Edmund (D:5)
  A death yak simulacrum (D:13)
  6 water moccasins
  Duvessa (D:5)
  4 orc warriors
  2 black bears
  An ogre (D:6)
  An elf zombie (Ossuary)
  3 kobold brigands
  Blork the orc (D:5)
  A gnoll sergeant (D:11)
  A bullfrog (Lair:1)
  A two-headed ogre simulacrum (D:13)
  A scorpion (D:10)
  3 wights (D:8)
  Dowan (D:5)
  24 killer bees
  A lindwurm simulacrum (IceCv)
  8 howler monkeys
  A centaur zombie (Ossuary)
  12 komodo dragon simulacra (IceCv)
  3 orc priests
  6 hounds
  3 jellies
  3 human zombies (Ossuary)
  Ijyb (D:3)
  6 orc wizards
  Natasha (thrice) (D:3)
  4 troll simulacra (D:13)
  3 hound zombies (Ossuary)
  4 mummies
  4 gnolls (D:11)
  5 adders
  An acid dragon simulacrum (IceCv)
  2 naga simulacra (D:13)
  A shadow imp (D:8)
  7 steam dragon simulacra (IceCv)
  7 adder zombies (Ossuary)
  A worm (D:3)
  A dart slug (D:1)
  35 orcs
  5 bats
  6 endoplasms
  A gnoll zombie (Ossuary)
  10 goblins
  7 hobgoblins
  9 quokkas
  7 ball pythons
  6 frilled lizards
  2 goblin zombies (Ossuary)
  4 hobgoblin zombies (Ossuary)
  3 jackal zombies (Ossuary)
  17 kobolds
  3 kobold zombies (Ossuary)
  An orc zombie (Ossuary)
  5 quokka zombies (Ossuary)
  5 rats
  3 rat zombies (Ossuary)
368 creatures vanquished.

Vanquished Creatures (others)
  A rakshasa (D:13)
  A wizard (D:13)
  A rime drake (IceCv)
3 creatures vanquished.

Grand Total: 371 creatures vanquished

Notes
Turn   | Place    | Note
-------+----------+-------------------------------------------
     0 | D:1      | seaoflcl the Human Fighter began the quest for the Orb.
     0 | D:1      | Reached XP level 1. HP: 18/18 MP: 1/1
    59 | D:1      | Reached XP level 2. HP: 24/24 MP: 2/2
   322 | D:1      | Reached XP level 3. HP: 24/29 MP: 3/3
   577 | D:2      | Reached skill level 1 in Axes
   632 | D:2      | Identified the +3 rapier "Yronill" {flame, rC- Will+ Dex+8
                  | SInv}
   923 | D:2      | Reached XP level 4. HP: 35/35 MP: 4/4
  1061 | D:2      | Noticed Sigmund
  1076 | D:2      | Killed Sigmund
  1077 | D:2      | Reached XP level 5. HP: 26/42 MP: 5/5
  1077 | D:2      | Reached XP level 6. HP: 30/48 MP: 6/6
  1433 | D:3      | Noticed Natasha
  1442 | D:3      | Killed Natasha
  1648 | D:3      | Reached skill level 1 in Short Blades
  1684 | D:3      | Noticed Natasha
  1697 | D:3      | Killed Natasha
  1770 | D:3      | Found a shimmering altar of Xom.
  2010 | D:3      | Found a bloodstained altar of Trog.
  2074 | D:3      | Noticed Natasha
  2079 | D:3      | Killed Natasha
  2235 | D:3      | Noticed Ijyb
  2252 | D:3      | Killed Ijyb
  2487 | D:4      | Found a shadowy altar of Dithmenos.
  2498 | D:4      | Reached XP level 7. HP: 54/54 MP: 7/7
  2560 | D:4      | Found Asetixt's Distillery.
  2660 | D:4      | Found a sparkling altar of Nemelex Xobeh.
  2677 | D:4      | Reached skill level 2 in Short Blades
  3126 | D:4      | You fall into a shaft and drop 3 floors!
  3337 | D:5      | Entered Level 5 of the Dungeon
  3342 | D:5      | Noticed Duvessa
  3342 | D:5      | Noticed Dowan
  3360 | D:5      | Killed Duvessa
  3361 | D:5      | Reached skill level 3 in Short Blades
  3364 | D:5      | Reached XP level 8. HP: 27/61 MP: 8/8
  3365 | D:5      | Noticed Menkaure
  3367 | D:5      | Killed Dowan
  3376 | D:5      | Killed Menkaure
  3384 | D:5      | Identified the +7 chain mail of Kiquc {+Blink rElec rF+
                  | Slay+2}
  3420 | D:5      | Reached skill level 5 in Fighting
  3420 | D:5      | Reached skill level 4 in Short Blades
  3420 | D:5      | Reached skill level 5 in Armour
  3430 | D:5      | Noticed Edmund
  3447 | D:5      | Killed Edmund
  3448 | D:5      | Reached skill level 5 in Shields
  3535 | D:5      | Identified the ring of the Kangaroo {rElec Str+6 Int+2}
  3581 | D:5      | Found a sand-covered staircase.
  3588 | Ossuary  | Entered an ossuary
  3808 | Ossuary  | Reached skill level 5 in Short Blades
  4063 | D:5      | Reached XP level 9. HP: 68/68 MP: 9/9
  4094 | D:5      | Noticed Blork the orc
  4102 | D:5      | Killed Blork the orc
  4357 | D:4      | Found a staircase to the Ecumenical Temple.
  4366 | Temple   | Entered the Ecumenical Temple
  4390 | Temple   | Became a worshipper of Warmaster Okawaru
  4477 | D:4      | Bought a potion of haste for 100 gold pieces
  4693 | D:6      | Reached skill level 1 in Dodging
  4698 | D:6      | Reached skill level 6 in Short Blades
  4906 | D:7      | Reached * piety under Okawaru
  5006 | D:7      | Found Lidues's Book Boutique.
  5129 | D:7      | Found a hide-covered altar of Uskayaw.
  5129 | D:7      | Found a shimmering blue altar of Sif Muna.
  5130 | D:7      | Found a burning altar of Makhleb.
  5166 | D:7      | Noticed a two-headed ogre
  5183 | D:7      | HP: 2/69 [two-headed ogre/+0 giant club (15)]
  5190 | D:7      | Killed a two-headed ogre
  5609 | D:7      | Reached skill level 7 in Short Blades
  5609 | D:7      | Reached XP level 10. HP: 77/77 MP: 10/10
  5795 | D:8      | Reached ** piety under Okawaru
  5862 | D:8      | Noticed Maurice
  6203 | D:8      | Killed Maurice
  6562 | D:8      | Noticed Psyche
  6572 | D:8      | Killed Psyche
  6796 | D:8      | Reached skill level 8 in Short Blades
  6831 | D:8      | Reached *** piety under Okawaru
  6995 | D:8      | Found Ario's Serpentskin Sales.
  7431 | D:9      | Found a large runed translucent door.
  7432 | D:9      | Found a large runed translucent door.
  7432 | D:9      | Noticed a green ugly thing
  7432 | D:9      | Noticed a kobold demonologist
  7433 | D:9      | Noticed a cyan ugly thing
  7435 | D:9      | Found a shimmering altar of Xom.
  7739 | D:9      | Reached **** piety under Okawaru
  7740 | D:9      | Reached skill level 1 in Throwing
  7800 | D:9      | Noticed a two-headed ogre
  7800 | D:9      | Noticed a two-headed ogre
  7859 | D:10     | Entered Level 10 of the Dungeon
  7884 | D:10     | Reached XP level 11. HP: 76/84 MP: 11/11
  8105 | D:10     | Reached skill level 9 in Short Blades
  8142 | D:10     | Reached ***** piety under Okawaru
  8173 | D:10     | Reached skill level 5 in Dodging
  8183 | D:10     | Noticed a sun demon
  8270 | D:10     | Found a staircase to the Lair.
  8829 | D:10     | Found an ancient bone altar of Kikubaaqudgha.
  8988 | Lair:1   | Entered Level 1 of the Lair of Beasts
  8988 | Lair:1   | Noticed an elephant
  8988 | Lair:1   | Noticed an elephant
  8988 | Lair:1   | Noticed an elephant
  8988 | Lair:1   | Noticed an elephant
  8988 | Lair:1   | Noticed an elephant
  8988 | Lair:1   | Noticed an elephant
  9001 | D:10     | Killed an elephant
  9036 | D:10     | Killed an elephant
  9036 | D:10     | Received a gift from Okawaru
  9062 | D:10     | Killed an elephant
  9078 | D:10     | Killed an elephant
  9078 | D:10     | Received a gift from Okawaru
  9325 | Lair:1   | Killed an elephant
  9342 | Lair:1   | Reached skill level 10 in Short Blades
  9361 | Lair:1   | Killed an elephant
  9399 | Lair:1   | Reached XP level 12. HP: 60/92 MP: 12/12
  9405 | Lair:1   | Identified the scarf of Joafaen {repulsion, rElec Will+
                  | Str+3 Int-4} (Okawaru gifted it to you on level 1 of the
                  | Lair of Beasts)
  9405 | Lair:1   | Received a gift from Okawaru
  9530 | Lair:1   | Noticed a six-headed hydra
  9589 | D:11     | Noticed a boulder beetle
  9683 | D:11     | Killed a boulder beetle
  9818 | D:11     | Noticed a two-headed ogre
  9927 | D:11     | Killed a two-headed ogre
 10257 | D:11     | Noticed Erica
 10278 | D:11     | Killed Erica
 10390 | D:11     | Found a transporter.
 10405 | D:11     | Noticed a boulder beetle
 10407 | D:11     | Noticed turdburglar's ghost (journeyman TrEE)
 10407 | D:11     | Noticed a centaur warrior
 10407 | D:11     | Noticed a centaur warrior
 10409 | D:11     | Found a transporter.
 10428 | D:11     | Found a staircase to the Orcish Mines.
 10810 | D:11     | Found Poveuguy's Armour Shoppe.
 11519 | D:12     | Found Biwosk's Changing Room.
 11618 | D:12     | Reached skill level 11 in Short Blades
 11963 | D:12     | Noticed a boulder beetle
 12011 | D:12     | Killed a boulder beetle
 12011 | D:12     | Identified the +5 kite shield "Sierinno" {rC+} (Okawaru
                  | gifted it to you on level 12 of the Dungeon)
 12011 | D:12     | Received a gift from Okawaru
 12012 | D:12     | Reached skill level 5 in Throwing
 12142 | D:12     | Identified the +3 hand axe of the Warrior-Mage {vamp, *Slow
                  | rCorr Str+6 Stlth+}
 12265 | D:12     | Noticed a death knight
 12289 | D:12     | Killed a death knight
 12289 | D:12     | Reached ****** piety under Okawaru
 12290 | D:12     | Reached XP level 13. HP: 31/101 MP: 13/13
 12782 | D:13     | Noticed a rakshasa
 12865 | D:13     | Found a frozen archway.
 12940 | IceCv    | Entered an ice cave
 13563 | IceCv    | Noticed a white draconian
 13598 | IceCv    | Killed a white draconian
 13873 | IceCv    | Identified the ring of the Fool {*Slow rPois rF+ rCorr
                  | Str+3}
 14406 | D:13     | Reached skill level 12 in Short Blades
 14535 | D:13     | Found a gate to the Vaults.
 14535 | D:13     | Noticed a vault guard
 14581 | D:13     | Killed a vault guard
 14720 | D:13     | Received a gift from Okawaru
 14792 | D:13     | Noticed a catoblepas
 14827 | D:13     | Killed a rakshasa
 14881 | D:13     | Killed a catoblepas
 14931 | D:13     | Noticed a catoblepas
 15265 | D:13     | HP: 5/102 [meliai/divine providence (13)]
 15265 | D:13     | Slain by a meliai

Illustrated notes

Levels and vault maps discovered:
D:1:      amcnicky_arrival_underground_garden, layout_rooms,
          minmay_split_cup_large
D:2:      layout_loops_cross, hangedman_decor_opposing, uniq_sigmund
D:3:      layout_loops_ring, trog_butcher_becter,
          mainiacjoe_overflow_six_doors_small, hangedman_decor_riveting,
          uniq_ijyb, uniq_natasha
D:4:      layout_loops_ring, nicolae_dithmenos_the_darkroom,
          nemelex_dance_club_becter, lemuel_temple_firewalk_b, serial_shops,
          shop
D:5:      layout_rooms, gup_ossuary_entry_pyramid, uniq_edmund,
          uniq_blork_the_orc, uniq_menkaure, uniq_duvessa
D:6:      layout_rooms, centaur_isle
D:7:      layout_basic, gammafunk_temple_overflow_claw, serial_shops, shop
D:8:      layout_loops_corners, guppyfry_shop_venom, uniq_maurice, uniq_psyche
D:9:      due_chaos_kobolds, layout_basic, nicolae_ru_path_of_blood,
          hellmonk_guarded_unrand_gyre_and_gimble
D:10:     layout_loops_ring, mainiacjoe_overflow_surrounded_room,
          minmay_lair_entry_grove
D:11:     layout_gridville, orc_david_3, nzn_ghost_randoct, uniq_erica
D:12:     layout_cave_pools, nicolae_transmutations_shop,
          kennysheep_opposing_triangles
D:13:     layout_long_grid, grunt_vaults_entry_tiered, serial_rivers,
          chequers_serial_rivers_marsh, chequers_serial_rivers_small_3,
          chequers_serial_rivers_small_a, chequers_serial_rivers_micro_e,
          chequers_serial_rivers_micro_a, chequers_serial_rivers_room_b,
          portal_ice_cave_entry_ice_simulacra
Temple:   cyrus_circular_temple
Lair:1:   layout_hall_layers

Skill      XL: |  1  2  3  4  5  6  7  8  9 10 11 12 13 |
---------------+----------------------------------------+-----
Axes           | 1 2 3 |  3.0
Fighting       | 4 5 6 7 8 9 |  9.7
Shields        | 4 5 6 7 8 9 |  9.9
Short Blades   | 1 3 5 7 8 10 11 12 | 12.4
Armour         | 4 5 6 7 8 9 |  9.7
Dodging        | 2 4 5 6 7 |  7.8
Throwing       | 1 3 5 6 |  6.3
Long Blades    | |  2.3

Action                     |  1- 3 |  4- 6 |  7- 9 | 10-12 | 13-15 || total
---------------------------+-------+-------+-------+-------+-------++-------
  Melee: Long sword        |    25 |       |       |       |       ||    25
         Hand axe          |    61 |    18 |       |       |       ||    79
         Rapier            |       |    61 |   328 |   782 |   306 ||  1477
         Scimitar          |       |       |       |       |    88 ||    88
  Throw: Javelin           |       |       |       |    15 |    25 ||    40
         Boomerang         |       |       |       |     3 |       ||     3
         Throwing net      |       |       |       |     2 |       ||     2
         Dart              |       |       |       |       |     1 ||     1
 Invoke: Heroism           |       |       |     1 |     2 |       ||     3
  Evoke: Wand              |       |       |       |     1 |     2 ||     3
    Use: Potion            |       |       |     3 |     7 |     4 ||    14
         Scroll            |       |       |     7 |     4 |     1 ||    12
 Armour: Scale mail        |    42 |    18 |       |       |       ||    60
         Chain mail        |       |     7 |   184 |   337 |   113 ||   641
  Dodge: Dodged            |    43 |    19 |   111 |   351 |    71 ||   595
  Block: Buckler           |    11 |    14 |   112 |   246 |       ||   383
         Kite shield       |       |       |       |     1 |   252 ||   253
         Reflection        |       |       |       |       |     1 ||     1
